 Dungeon Crawl Stone Soup version 0.31-a0-1611-g890cdf5628 (webtiles) character file.

Game seed: 10237333018908285632

200 Laraso the Magician (level 5, 40/40 HPs)
             Began as a Draconian Fire Elementalist on Jan 9, 2024.
             Quit the game on level 3 of the Dungeon.
             The game lasted 00:04:36 (3515 turns).

Laraso the Magician (Draconian Fire Elementalist)   Turns: 3515, Time: 00:04:36

Health: 40/40      AC:  6    Str: 10    XL:     5   Next: 49%
Magic:  11/11      EV: 12    Int: 18    God:
Gold:   172        SH:  0    Dex: 11    Spells: 9/12 levels left

rFire   . . .        n - +2 whip (holy)
rCold   . . .        (no shield)
rNeg    . . .        (body armour unavailable)
rPois   .            g - +1 hat
rElec   .            (no cloak)
rCorr   .            (no gloves)
SInv    .            (no boots)
Will    +....        (no amulet)
Stlth   ++           b - ring of willpower
HPRegen 0.26/turn    (no ring)
MPRegen 0.12/turn

%: no passive effects
@: no status effects
A: AC +5, unfitting armour, cold-blooded
a: no special abilities


You were on level 3 of the Dungeon.
You visited 1 branch of the dungeon, and saw 4 of its levels.

You collected 172 gold pieces.

Inventory:

Hand Weapons
 n - a +2 whip of holy wrath (weapon)
Missiles
 o - a throwing net
Armour
 g - a +1 hat (worn)
Jewellery
 b - a ring of willpower (left hand)
Wands
 p - a wand of polymorph (5)
Scrolls
 f - 2 scrolls of fog
 i - 3 scrolls of immolation
 j - 2 scrolls of poison {unknown}
 k - 2 scrolls of fear {unknown}
 l - 3 scrolls of teleportation {unknown}
 m - 3 scrolls of enchant weapon
 q - a scroll of silence {unknown}
Potions
 a - a potion of magic
 c - a potion of mutation
 d - a potion of curing {unknown}
 e - a potion of invisibility {unknown}
 h - a potion of enlightenment {unknown}


   Skills:
 - Level 1.0 Fighting
 - Level 0.2(0.4) Short Blades
 + Level 0.4(0.5) Long Blades
 - Level 0.3 Maces & Flails
 + Level 0.3 Ranged Weapons
 + Level 0.3 Throwing
 - Level 1.7 Dodging
 - Level 1.7 Stealth
 + Level 0.4 Shields
 - Level 0.1 Unarmed Combat
 - Level 4.0 Spellcasting
 - Level 1.0 Conjurations
 + Level 0.5 Hexes
 + Level 0.4 Summonings
 + Level 0.6 Necromancy
 + Level 0.4 Translocations
 - Level 3.0 Fire Magic
 + Level 1.0 Ice Magic
 + Level 0.3 Air Magic
 + Level 0.6 Earth Magic
 + Level 0.3 Alchemy
 + Level 0.3 Invocations
 + Level 0.4 Evocations
 + Level 0.2 Shapeshifting


You had 9 spell levels left.
You knew the following spells:

 Your Spells              Type           Power      Damage    Failure   Level
a - Foxfire               Conj/Fire      40%        2x1d6     6%          1
b - Scorch                Fire           28%        2d6       6%          2

Your spell library contained the following spells:

 Spells                   Type           Power      Damage    Failure   Level
 Necrotise                Necr           20%        1d5       12%         1
 Inner Flame              Hex/Fire       10%        N/A       22%         3
 Volatile Blastmotes      Fire/Tloc      18%        2d11      22%         3
 Vampiric Draining        Necr           5%         2d6       34%         3
 Flame Wave               Conj/Fire      10%        2d6       54%         4
 Martyr's Knell           Necr/Summ      5%         N/A       75%         4
 Borgnjor's Vile Clutch   Necr/Erth      2%         N/A       97%         5
 Curse of Agony           Necr           5%         N/A       97%         5
 Alistair's Intoxication  Alch           2%         N/A       98%         5
 Eringya's Noxious Bog    Alch           2%         4d6       100%        6


Dungeon Overview and Level Annotations

Branches:
Dungeon (4/15)
 Temple: D:4-7

Altars:
Elyvilon
Fedhas
Nemelex Xobeh

Annotations:
D:4 Natasha


Innate Abilities, Weirdness & Mutations

Your plain brown scales are hard. (AC +5)
You cannot fit into any form of body armour.
You are cold-blooded and may be slowed by cold attacks.


Message History

The gnoll misses you.
You climb upwards.
There is a stone staircase leading down here.
Unknown command.
You barely miss the gnoll. You tail-slap the gnoll.
The gnoll is heavily wounded.
The gnoll misses you.
You hit the gnoll but do no damage.
The gnoll is heavily wounded.
The gnoll hits you with a +0 club.
You barely miss the gnoll. You punch the gnoll, but do no damage.
The gnoll is heavily wounded.
The gnoll hits you but does no damage.
You hit the gnoll but do no damage.
The gnoll is heavily wounded.
The gnoll misses you.
You hit the gnoll but do no damage.
Your tail-slap misses the gnoll.
The gnoll is heavily wounded.
The gnoll hits you but does no damage.
You barely miss the gnoll.
The gnoll is heavily wounded.
The gnoll hits you with a +0 club.
You hit the gnoll.
The gnoll is almost dead.
The gnoll barely misses you.
You closely miss the gnoll.
The gnoll is almost dead.
The gnoll hits you but does no damage. The gnoll hits you with a +0 club.
You closely miss the gnoll.
The gnoll is almost dead.
The gnoll hits you with a +0 club.
You hit the gnoll.
You kill the gnoll!
Your Ice Magic skill increases to level 1!
No target in view!
You see here a +0 club.
You start resting.
HP restored.
Unknown command.
Are you sure you want to abandon this character and quit the game? (Confirm with "yes".)

...# #......###.........#.. .†.#
###......# #.......#.#.# .†.#
#........# #.......#...# ...#
#........# #.......##### .††#
####...####.# #..<....#
...####..'...+....# #.......#
......#.##...########.......#####
#'###.#.###### #.>.............).
#.#.#.#.# #@################
#.#...#.# #.#......# #...#
#.#.###.# #.#.####.## #.#.#
#......)#### #.#.#.....####.#.#
###.....>).# #.#.##.#..#....#.#
.....#####.# #.#.##.#..#.####.#
####....##.# #.#..#.#..#....#.#
...#.##....# #.##.#.#..#..#.#.#
...#.####### #.#....#..#..#.#.#


There were no monsters in sight!

Vanquished Creatures
  A bombardier beetle (D:3)
  An iguana (D:3)
  Terence (D:3)
  2 gnolls
  3 adders
  2 dart slugs
  A ribbon worm (D:3)
  3 orcs
  8 endoplasms
  3 giant cockroaches (D:1)
  3 goblins
  9 hobgoblins
  3 jackals (D:1)
  3 quokkas
  4 ball pythons (D:1)
  5 bats
  3 frilled lizards
  3 kobolds
  7 rats
65 creatures vanquished.

Vanquished Creatures (others)
  80 foxfires
80 creatures vanquished.

Grand Total: 145 creatures vanquished

Notes
Turn   | Place    | Note
-------+----------+-------------------------------------------
     0 | D:1      | Laraso the Draconian Fire Elementalist began the quest for
                  | the Orb.
     0 | D:1      | Reached XP level 1. HP: 14/14 MP: 3/3
   258 | D:2      | Reached XP level 2. HP: 14/20 MP: 5/5
   380 | D:1      | Learned a level 2 spell: Scorch
   565 | D:1      | Reached skill level 3 in Spellcasting
   670 | D:1      | Reached XP level 3. HP: 27/27 MP: 0/7
   953 | D:1      | Reached skill level 1 in Fighting
  1241 | D:1      | Found a sparkling altar of Nemelex Xobeh.
  1916 | D:2      | Reached XP level 4. HP: 35/35 MP: 2/9
  2175 | D:3      | Reached skill level 4 in Spellcasting
  2227 | D:3      | Found a white marble altar of Elyvilon.
  2465 | D:3      | Found a blossoming altar of Fedhas.
  2964 | D:3      | Noticed Terence
  2973 | D:3      | Killed Terence
  2974 | D:3      | Reached XP level 5. HP: 40/40 MP: 6/11
  3311 | D:4      | Noticed Natasha
  3462 | D:3      | Reached skill level 1 in Ice Magic
  3515 | D:3      | Quit the game

Illustrated notes

Levels and vault maps discovered:
D:1:      dpeg_arrival_water_altar, layout_loops_corners
D:2:      layout_basic, minmay_octomino_e4
D:3:      layout_basic, mainiacjoe_overflow_chevrons, amcnicky_altar_gilded,
          uniq_terence
D:4:      layout_loops_ring, general_overflow_altar, uniq_ijyb, uniq_sigmund,
          uniq_natasha

Skill      XL: |  1  2  3  4  5 |
---------------+----------------+-----
Spellcasting   | 3 4 |  4.0
Fighting       | 1 |  1.0
Ice Magic      | 1 |  1.0
Short Blades   | |  0.2
Long Blades    | |  0.4
Maces & Flails | |  0.3
Ranged Weapons | |  0.3
Throwing       | |  0.3
Dodging        | |  1.7
Stealth        | |  1.7
Shields        | |  0.4
Unarmed Combat | |  0.1
Conjurations   | |  1.0
Hexes          | |  0.5
Summonings     | |  0.4
Necromancy     | |  0.6
Translocations | |  0.4
Fire Magic     | |  3.0
Air Magic      | |  0.3
Earth Magic    | |  0.6
Alchemy        | |  0.3
Invocations    | |  0.3
Evocations     | |  0.4
Shapeshifting  | |  0.2

Action                     |  1- 3 |  4- 6 || total
---------------------------+-------+-------++-------
  Melee: Unarmed           |    12 |     3 ||    15
         Tailslap          |    10 |     5 ||    15
         Dagger            |    37 |       ||    37
         Punch             |     2 |     1 ||     3
         Mace              |    18 |       ||    18
         Spear             |    45 |     6 ||    51
         Whip              |       |    26 ||    26
   Cast: Foxfire           |    15 |    32 ||    47
         Scorch            |     8 |    10 ||    18
    Use: Scroll            |     2 |     2 ||     4
   Stab: Sleeping          |     5 |     2 ||     7
 Armour: Skin              |    65 |    28 ||    93
  Dodge: Dodged            |    77 |    24 ||   101

Table legend: (Time is in decaauts)
 A = Elapsed time spent in this place.
 B = Non-inter-level travel time spent in this place.
 C = Inter-level travel time spent in this place.
 D = Time resting spent in this place.
 E = Time spent auto-exploring this place.
 F = Levels seen in this place.
 G = Mean time per level.
                   A        B        C        D        E       F      G
               +--------+--------+--------+--------+--------+-----+--------+
         Total |   3532 |   3295 |    237 |    337 |   2377 |   4 |  883.0 |
       Dungeon |   3532 |   3295 |    237 |    337 |   2377 |   4 |  883.0 |
               +--------+--------+--------+--------+--------+-----+--------+

Top non-repeatable levels by time:
     D:3: 1360 daAuts
     D:1: 1159 daAuts
     D:2: 1000 daAuts
     D:4: 11 daAuts
